 Dungeon Crawl Stone Soup version 0.27.0-1-g7a089689b8 (webtiles) character file.

Game seed: 16633221860437755568

443 theswoord the Twirler (level 6, -8/44 HPs)
             Began as a Demonspawn Gladiator on Aug 5, 2021.
             Mangled by a gnoll (11 damage)
             ... on level 4 of the Dungeon.
             The game lasted 00:05:09 (3860 turns).

theswoord the Twirler (Demonspawn Gladiator)        Turns: 3860, Time: 00:05:09

Health: -8/44      AC:  9    Str: 15    XL:     6   Next: 71%
Magic:  6/6        EV: 10    Int: 10    God:
Gold:   175        SH:  0    Dex: 15    Spells: 5/5 levels left

rFire    . . .     SeeInvis .   a - +0 quarterstaff
rCold    . . .     Faith    .   (shield currently unavailable)
rNeg     . . .     Spirit   .   n - +0 scale mail
rPois    .         Reflect  .   k - +2 helmet
rElec    .         Harm     .   (no cloak)
rCorr    .         Rampage  .   (no gloves)
Will     .....                  (boots unavailable)
Stlth    ..........             (no amulet)
HPRegen  0.14/turn              (no ring)
MPRegen  0.10/turn              (no ring)

@: no status effects
A: talons 3, demonic magic 1
a: no special abilities


You were on level 4 of the Dungeon.
You visited 1 branch of the dungeon, and saw 4 of its levels.

You collected 175 gold pieces.

Inventory:

Hand Weapons
 a - a +0 quarterstaff (weapon)
 h - the +5 bardiche of Veulus {vorpal, Str+2}
   (You acquired it on level 3 of the Dungeon)

   It inflicts extra damage upon your enemies.
   Str:       It affects your strength (+2).
Missiles
 d - a throwing net (quivered)
Armour
 b - a +1 leather armour
 c - a +0 helmet
 k - a +2 helmet (worn)
 n - a +0 scale mail (worn)
Scrolls
 i - 2 scrolls of teleportation
 j - a scroll of enchant armour
 l - 2 scrolls of vulnerability
Potions
 e - a potion of degeneration
 f - 2 potions of brilliance
 m - a potion of cancellation {unknown}
 o - a potion of lignification {unknown}
 p - 2 potions of flight {unknown}


   Skills:
 - Level 2.0 Fighting
 + Level 7.0 Staves
 - Level 1.7 Throwing
 - Level 2.6 Dodging


You had 5 spell levels left.
You didn't know any spells.
Your spell library was empty.

Dungeon Overview and Level Annotations

Branches:
Dungeon (4/15)
 Temple: D:4-7

Altars:


Innate Abilities, Weirdness & Mutations

You have claws for feet.
Spells you cast may paralyse adjacent enemies.


Message History

The gnoll hits you from afar with a +0 halberd!
* * * LOW HITPOINT WARNING * * *
The killer bee zombie misses you.
You closely miss the killer bee zombie. Your kick misses the killer bee zombie.
The killer bee zombie is severely damaged.
The killer bee zombie hits you but does no damage.
The gnoll barely misses you.
You closely miss the killer bee zombie. You claw the killer bee zombie!
The killer bee zombie is almost destroyed.
The killer bee zombie barely misses you.
The killer bee zombie hits you but does no damage.
The gnoll hits you from afar with a +0 halberd.
* * * LOW HITPOINT WARNING * * *
You miss the killer bee zombie.
The killer bee zombie is almost destroyed.
The killer bee zombie hits you but does no damage.
The gnoll hits you but does no damage.
The killer bee zombie hits you but does no damage.
You barely miss the killer bee zombie. You claw the killer bee zombie.
You destroy the killer bee zombie!
The gnoll hits you from afar with a +0 halberd!
* * * LOW HITPOINT WARNING * * *
Your Staves skill increases to level 7!
The gnoll hits you with a +0 halberd!
* * * LOW HITPOINT WARNING * * *
You closely miss the gnoll. The gnoll completely misses you.
You feel better. The gnoll hits you but does no damage.
You hit the gnoll but do no damage. The gnoll barely misses you.
You closely miss the gnoll. Your kick misses the gnoll.
The gnoll hits you with a +0 halberd.
* * * LOW HITPOINT WARNING * * *
You feel better. The gnoll misses you.
You hit the gnoll. You claw the gnoll!
The gnoll is severely wounded.
The gnoll hits you with a +0 halberd!
* * * LOW HITPOINT WARNING * * *
You hit the gnoll but do no damage.
The gnoll is severely wounded.
The gnoll hits you with a +0 halberd!
You die...

#.†....# #......#
#......#
#......###########
'......'.......)>#
#......#########.#
######## #)# # #.#
# #@# . #g# . #.#
. #.# ## #)#
#.).....#
.........
..........
...........


You could see a gnoll.

Vanquished Creatures
  Edmund (D:4)
  A scorpion (D:4)
  A jelly (D:4)
  A bullfrog skeleton (D:4)
  Natasha (twice) (D:2)
  A killer bee zombie (D:4)
  A hound skeleton (D:4)
  2 gnolls (D:4)
  2 adders
  2 worms
  3 dart slugs
  5 orcs
  2 ball pythons (D:1)
  7 bats
  5 endoplasms
  7 goblins
  6 hobgoblins
  8 jackals
  3 quokkas (D:2)
  4 frilled lizards (D:3)
  8 kobolds
  3 rats
75 creatures vanquished.

Vanquished Creatures (others)
  2 plants (D:4)
2 creatures vanquished.

Grand Total: 77 creatures vanquished

Notes
Turn   | Place    | Note
-------+----------+-------------------------------------------
     0 | D:1      | theswoord the Demonspawn Gladiator began the quest for the
                  | Orb.
     0 | D:1      | Reached XP level 1. HP: 16/16 MP: 1/1
   130 | D:1      | Found a faded altar of an unknown god.
   296 | D:1      | Reached skill level 3 in Staves
   389 | D:1      | Gained mutation: You have sharp toenails. [demonic
                  | ancestry]
   389 | D:1      | Reached XP level 2. HP: 20/22 MP: 2/2
  1312 | D:2      | Reached skill level 4 in Staves
  1312 | D:2      | Gained mutation: You have razor-sharp toenails. [demonic
                  | ancestry]
  1312 | D:2      | Reached XP level 3. HP: 18/27 MP: 3/3
  2050 | D:2      | Noticed Natasha
  2055 | D:2      | Killed Natasha
  2056 | D:2      | Gained mutation: Spells you cast may paralyse adjacent
                  | enemies. [demonic ancestry]
  2056 | D:2      | Reached XP level 4. HP: 24/33 MP: 4/4
  2142 | D:2      | Noticed Natasha
  2148 | D:2      | Killed Natasha
  2344 | D:2      | Reached skill level 5 in Staves
  2427 | D:3      | Identified a scroll of acquirement
  2427 | D:3      | Acquired the +5 bardiche of Veulus {vorpal, Str+2}
  2869 | D:3      | Reached XP level 5. HP: 38/38 MP: 5/5
  3587 | D:4      | Reached skill level 6 in Staves
  3605 | D:4      | Gained mutation: You have claws for feet. [demonic
                  | ancestry]
  3605 | D:4      | Reached XP level 6. HP: 41/44 MP: 6/6
  3629 | D:4      | Noticed Edmund
  3659 | D:4      | Killed Edmund
  3853 | D:4      | Reached skill level 7 in Staves
  3853 | D:4      | HP: 1/44 [gnoll (7)]
  3860 | D:4      | Mangled by a gnoll

Skill      XL: |  1  2  3  4  5  6 |
---------------+-------------------+-----
Staves         | 3 4 5 6 7 |  7.0
Fighting       | |  2.0
Throwing       | |  1.7
Dodging        | |  2.6

Action                   |  1- 3 |  4- 6 || total
-------------------------+-------+-------++-------
Melee: Quarterstaff      |    84 |   122 ||   206
       Kick              |    17 |    33 ||    50
       Bardiche          |       |     5 ||     5
Throw: Throwing net      |       |     2 ||     2
  Use: Scroll            |     5 |     5 ||    10
       Potion            |       |     5 ||     5
Armor: Leather armour    |    23 |    24 ||    47
       Scale mail        |       |    29 ||    29
Dodge: Dodged            |    49 |    83 ||   132

Levels and vault maps discovered:
D:1:      lemuel_arrival_muddy, layout_basic, ebering_ecumenical_altar_box,
          minivault_19
D:2:      layout_rooms, chequers_decorated_corner, uniq_natasha
D:3:      layout_basic, minmay_misc_feat_square, kennysheep_decorative_pillar
D:4:      minmay_chambers_of_threes, layout_basic, fedhas_altar_decomposition,
          uniq_edmund
